 Dungeon Sprint DCSS version 0.27.1-34-g3ba077fa99 (webtiles) character file.

Game seed: 12785661379687475291

0 boopmooplesden the Covered (level 3, -2/36 HPs)
             Began as a Minotaur Fighter on Jan 1, 2022.
             Slain by Blork the orc (9 damage)
             ... in the Dungeon (Sprint VI: "Thunderdome").
             The game lasted 00:00:41 (54 turns).

boopmooplesden the Covered (Minotaur Fighter)         Turns: 54, Time: 00:00:42

Health: -2/36      AC:  7    Str: 21    XL:     3   Next: 10%
Magic:  4/11       EV:  8    Int:  9    God:
Gold:   65         SH: 11    Dex: 18    Spells: 2/2 levels left

rFire    . . .     SeeInvis +   a - +0 long sword
rCold    x . .     Faith    +   c - +0 kite shield
rNeg     . . .     Spirit   .   b - +0 scale mail
rPois    +         Reflect  .   (helmet restricted)
rElec    .         Harm     .   (no cloak)
rCorr    +         Rampage  .   (no gloves)
Will     +++..     NoTele   +   (no boots)
Stlth    ..........             r - amulet of Reimbursement {Faith rC- Will++ Dex+6}
HPRegen  0.12/turn              p - ring of Oquogy {Will+ rCorr MP+9 Int+4}
MPRegen  0.12/turn              q - ring of Fanaticism {rPois Dex+3 SInv}

@: no status effects
A: horns 2, retaliatory headbutt
a: no special abilities


You were in the Dungeon.
You visited 1 branch You collected 200 gold pieces.
You spent 135 gold pieces at shops.

Inventory:

Hand Weapons
 a - a +0 long sword (weapon)
 o - a +1 flail of venom
Armour
 b - a +0 scale mail (worn)
 c - a +0 kite shield (worn)
Jewellery
 p - the ring of Oquogy (left hand) {Will+ rCorr MP+9 Int+4}
   (You bought it in a shop in the Dungeon)

   [ring of magical power]

   Int:       It affects your intelligence (+4).
   MP:        It affects your magic capacity (+9).
   rCorr:     It protects you from acid and corrosion.
   Will:      It increases your willpower.
 q - the ring of Fanaticism (right hand) {rPois Dex+3 SInv}
   (You bought it in a shop in the Dungeon)

   [ring of see invisible]

   Dex:       It affects your dexterity (+3).
   rPois:     It protects you from poison.
   SInv:      It lets you see invisible.
 r - the amulet of Reimbursement (around neck) {Faith rC- Will++ Dex+6}
   (You bought it in a shop in the Dungeon)

   [amulet of faith]

   It allows you to gain divine favour quickly.
   Dex:       It affects your dexterity (+6).
   rC:        It makes you vulnerable to cold.
   Will:      It greatly increases your willpower.
Wands
 l - a wand of acid (5)
 m - a wand of iceblast (5)
Scrolls
 j - 4 scrolls of blinking
 n - 3 scrolls of fog
Potions
 d - a potion of might
 e - a potion of curing
 f - 4 potions of heal wounds
 g - 4 potions of haste
 h - 2 potions of magic
 i - a potion of berserk rage
 k - a potion of resistance


   Skills:
 + Level 5.4 Fighting
 + Level 3.2 Long Blades
 + Level 5.4 Armour
 + Level 0.1 Dodging
 + Level 5.4 Shields


You had 2 spell levels left.
You didn't know any spells.
Your spell library was empty.

Dungeon Overview and Level Annotations

Branches:
Dungeon (1/1)

Altars:
Cheibriados
Dithmenos
Fedhas
Gozag
Kikubaaqudgha
Sif Muna
Trog
Uskayaw
Vehumet
Wu Jian
Xom
Yredelemnul
Zin
The Shining One
Jiyva
Lugonu

Shops:
D *[???:(!!!!

Annotations:
D Blork the orc


Innate Abilities, Weirdness & Mutations

You have a pair of horns on your head.
You reflexively headbutt those who attack you in melee.


Message History

Blork the orc comes into view.
He is wielding a +0 short sword.
Found Qaistuip's Distillery.
Blork the orc shouts!
Found three shops.
Found two altars.
You barely miss Blork the orc.
Blork the orc screams, "I'll eat your brain!
And then I'll vomit it back up!"
Blork the orc gestures at you while chanting.
The magic dart hits you! Blork the orc casts a spell at you.
The magic dart hits you.
You hit Blork the orc but do no damage. You block Blork the orc's attack.
You hit Blork the orc but do no damage. You block Blork the orc's attack.
Blork the orc gestures wildly while chanting.
Blork the orc seems to speed up.
You closely miss Blork the orc. Your headbutt misses Blork the orc.
Blork the orc hits you with a +0 short sword.
The orc barely misses you.
You riposte.
You closely miss the orc. You headbutt the orc.
The orc is severely wounded.
Blork the orc miscasts a cantrip.
You slash Blork the orc!
Blork the orc is moderately wounded.
Blork the orc hits you with a +0 short sword.
You block the orc's attack. Blork the orc casts a spell at you.
The puff of frost hits you!
You feel a terrible chill!
* * * LOW HITPOINT WARNING * * *
You block the orc's attack.
You hit Blork the orc but do no damage. You headbutt Blork the orc.
Blork the orc is heavily wounded.
You block Blork the orc's attack. You block the orc's attack.
Blork the orc hits you with a +0 short sword.
* * * LOW HITPOINT WARNING * * *
You slash Blork the orc!
Blork the orc is almost dead.
Blork the orc closely misses you. The orc barely misses you.
You furiously retaliate!
You headbutt the orc.
You kill the orc!
Blork the orc hits you with a +0 short sword!
You die...

#_......._# #_......._#
###)........###
#§...........⌠#
###.8.........8.######
_.).....###......___∩##
......8.# #.8........∩##
........###....).o......
.....###...###..@.......
.....# #.<.# #..........
.....# #...# #..........
........###.............
......8. .8........∩##
__......# #.......__∩##
###.8.........8.######
#⌠.... ......⌠# ###...
.###


You could see Blork the orc (fast).

Vanquished Creatures
  An orc priest (D)
  3 orcs (D)
4 creatures vanquished.

Notes
Turn   | Place    | Note
-------+----------+-------------------------------------------
     0 | D        | boopmooplesden the Minotaur Fighter began the quest for the
                  | Orb.
     0 | D        | Reached XP level 1. HP: 19/19 MP: 0/0
     3 | D        | Found a blossoming altar of Fedhas.
     4 | D        | Found a bloodstained altar of Trog.
     4 | D        | Found a glowing silver altar of Zin.
     5 | D        | Found a shadowy altar of Dithmenos.
     5 | D        | Found a glowing golden altar of the Shining One.
     5 | D        | Round 1.
     6 | D        | Found a corrupted altar of Lugonu.
     6 | D        | Found a viscous altar of Jiyva.
     6 | D        | Found Gyonaddy's Identification Station.
     7 | D        | Found Noeh's Jewellery.
     7 | D        | Found Xef Uting's Advanced Armour.
    17 | D        | Bought a wavering granite ring for 45 gold pieces
    17 | D        | Identified the ring of Oquogy {Will+ rCorr MP+9 Int+4} (You
                  | bought it in a shop in the Dungeon)
    17 | D        | Bought a wavering golden ring for 45 gold pieces
    17 | D        | Identified the ring of Fanaticism {rPois Dex+3 SInv} (You
                  | bought it in a shop in the Dungeon)
    17 | D        | Bought a scorched tin amulet for 45 gold pieces
    17 | D        | Identified the amulet of Reimbursement {Faith rC- Will++
                  | Dex+6} (You bought it in a shop in the Dungeon)
    30 | D        | Noticed an orc priest
    33 | D        | Found a shimmering altar of Xom.
    33 | D        | Found Iggeixkyo's Magic Scroll Shop.
    33 | D        | Found Usezoyn's Magic Scroll Shop.
    35 | D        | Killed an orc priest
    36 | D        | Reached skill level 5 in Fighting
    36 | D        | Reached skill level 5 in Armour
    36 | D        | Reached skill level 5 in Shields
    36 | D        | Reached XP level 2. HP: 26/29 MP: 1/1
    36 | D        | Reached XP level 3. HP: 32/36 MP: 1/2
    36 | D        | Found Kepp's Must-Have Magic.
    37 | D        | Found an ornate altar of the Wu Jian Council.
    37 | D        | Found a hide-covered altar of Uskayaw.
    37 | D        | Found a basalt altar of Yredelemnul.
    37 | D        | Found Notsuplexi's Staff Store.
    41 | D        | Found an ancient bone altar of Kikubaaqudgha.
    42 | D        | Found a radiant altar of Vehumet.
    43 | D        | Found an opulent altar of Gozag.
    44 | D        | Found Qaistuip's Distillery.
    44 | D        | Noticed Blork the orc
    45 | D        | Found Ostuudir's Distillery.
    45 | D        | Found Esuyfunt's Bottled Wisdom.
    45 | D        | Found a shimmering blue altar of Sif Muna.
    45 | D        | Found a snail-covered altar of Cheibriados.
    45 | D        | Found Qosuhaeli's Do-It-Yourself Clinic.
    54 | D        | Slain by Blork the orc

Illustrated notes

Levels and vault maps discovered:
D:        arena_sprint

Skill      XL: |  1 |
---------------+----+-----
Fighting       | 5 |  5.4
Armour         | 5 |  5.4
Shields        | 5 |  5.4
Long Blades    | 3 |  3.2
Dodging        | |  0.1

Action                   || total
-------------------------++-------
Melee: Long sword        ||    12
       Headbutt          ||     3
Armor: Scale mail        ||     1
Dodge: Dodged            ||     4
Block: Kite shield       ||     9
       Rpst.: Long sword ||     1
